[Event "Germany Countries-chT Youth 2022"]
[Site "Wiesbaden"]
[Date "2022.10.02"]
[Round "4"]
[White "Schneider, Jana"]
[Black "Gluma, Christian"]
[Result "1-0"]
[ECO "B06"]
[WhiteElo "2323"]
[BlackElo "2107"]
[Annotator "TA"]
[PlyCount "105"]
[EventDate "2022.09.28"]
[EventType "team-tourn"]
[EventRounds "7"]
[EventCountry "GER"]
[SourceTitle "playchess.com"]
[Source "ChessBase"]
[SourceQuality "1"]
[TimeControl "40/5400+30:1800+30"]

1. e4 g6 2. d4 Bg7 3. Nf3 c6 4. h3 d5 5. e5 f6 6. c4 {[%emt 0:00:22] B06: Modern Defence.} fxe5 7. dxe5 (7. Nxe5 {is interesting.} Nh6 8. Bxh6 Bxh6 9. cxd5 O-O 10. dxc6 Nxc6 11. Bc4+) 7... e6 8. Nc3 {[%emt 0:02:33] [#] The position is equal.} Nd7 $146 ({Predecessor:} 8... Ne7 9. Bd3 O-O 10. Qe2 Nd7 11. Bg5 Rxf3 12. Qxf3 Nxe5 13. Qe2 h6 14. Bxe7 Qxe7 {½-½ (41) Sousa,A (2428)-Castillo Dalmau,A (2230) Ciudad Real 2021}) 9. Bf4 Nh6 10. Bd3 (10. cxd5 $14 exd5 11. Qd2) 10... O-O $15 11. Bh2 b6 12. cxd5 cxd5 13. O-O Nc5 14. Bc2 Bb7 15. Re1 Nf5 16. Nb5 {[%emt 0:05:01] Against d4} Qd7 (16... Ne4 $11) 17. Nbd4 Nxd4 18. Nxd4 Qf7 {[%emt 0:01:02] [#]} 19. f3 (19. Bg3 $1 $16) 19... Qe7 20. Qd2 Rae8 21. b4 Nd7 22. Bg3 Nb8 23. Ba4 {[%emt 0:03:10] Against Nc6} Rc8 24. Rac1 {[%emt 0:02:25] Prevents Nc6.} Rc4 25. Bb3 Rcc8 26. a3 Kh8 27. Ba4 a6 28. Bf2 Rxc1 29. Qxc1 Rc8 30. Qf4 b5 31. Bb3 Nc6 32. Bh4 Qd7 33. Bf6 {[%emt 0:07:11] Hoping for Bxg7+.} Nxd4 34. Qxd4 Kg8 35. Re3 Bh6 36. f4 Qc7 (36... Rc1+ $11 37. Kh2 Qc7) 37. Rf3 $14 Bg7 38. Bh4 {[%emt 0:03:22] White has more active pieces.} (38. h4 $5 ) 38... Bf8 39. f5 (39. Kh2 $14) 39... gxf5 (39... exf5 $11 40. Bxd5+ Bxd5 41. Qxd5+ Kh8) 40. Rg3+ (40. Bf6 $14) 40... Kf7 $1 $11 41. Bd1 Bh6 {[%emt 0:09:10] [#]} (41... Bg7 $1 $11 42. Bh5+ Kf8) 42. Kh2 (42. Bg5 $1 $16 Bxg5 43. Rxg5) 42... Qc4 43. Qb6 Qc6 44. Qd4 Qc4 45. Qb6 {[%emt 0:05:54] White threatens Bh5+ and mate.} Qc6 46. Qf2 $40 {[%emt 0:02:03][%mdl 128] Bh5+ is the strong threat. White has some attack. The board is on fire.} Qc4 $2 (46... Qc1 $11 47. Qb6 Qc6) 47. Bg5 (47. Bh5+ $142 Kf8 48. Bg5 Bxg5 49. Rxg5 Re8 50. Qg3 Ke7 51. Bxe8 Kd8 52. Rg7) 47... Bxg5 $18 48. Rxg5 {[%emt 0:00:01] Threatening mate with Bh5+.} Rc7 49. Bh5+ {[%emt 0:02:27] White mates.} Ke7 50. Rg8 Kd7 51. Be8+ Ke7 52. Qg3 Qe4 53. Qg5# {[%emt 0:00:14] Weighted Error Value: White=0.18 (very precise) /Black=0.34} 1-0

[Event "Germany Countries-chT Youth 2022"]
[Site "Wiesbaden"]
[Date "2022.10.02"]
[Round "4"]
[White "Stork, Oliver"]
[Black "Musiolik, David"]
[Result "0-1"]
[ECO "A05"]
[WhiteElo "2315"]
[BlackElo "2252"]
[Annotator "TA"]
[PlyCount "79"]
[EventDate "2022.09.28"]
[EventType "team-tourn"]
[EventRounds "7"]
[EventCountry "GER"]
[SourceTitle "playchess.com"]
[Source "ChessBase"]
[SourceQuality "1"]
[TimeControl "40/5400+30:1800+30"]

1. Nf3 Nf6 2. c4 e6 3. b3 d5 4. e3 Bd6 5. Bb2 O-O 6. Nc3 {[%emt 0:04:53] A13: English Opening: 1...e6.} b6 {[%emt 0:01:53] 6...Re8 is the modern continuation.} 7. cxd5 exd5 8. Nb5 {[%emt 0:01:03] The position is equal.} Be7 {[%emt 0:02:32] [#]} 9. Qc2 $146 (9. Be5 $11 Na6 10. Nbd4) ({Predecessor:} 9. Be5 Ne8 10. Rc1 c5 11. Bxb8 Rxb8 12. Nxa7 Bb7 13. Nb5 d4 14. Bc4 Nd6 15. O-O Nxc4 16. bxc4 {1-0 (38) Artemiev,V (2700)-Ding,L (2799) chess24.com INT 2022}) 9... c5 $15 10. d4 Nc6 11. Rd1 (11. Bd3 $15) 11... Nb4 $1 $17 12. Qb1 {[%emt 0:07:03] [#]} g6 $1 13. Bd3 {[%emt 0:02:00] [#] Inhibits Bf5.} Nxd3+ (13... c4 $1 $19 14. bxc4 dxc4) 14. Qxd3 Bf5 15. Qe2 c4 $1 16. Ne5 Bb4+ 17. Bc3 Bxc3+ 18. Nxc3 {[%emt 0:00:05] Pair of Knights!} b5 19. bxc4 dxc4 (19... Qa5 $5 20. Qd2 dxc4 $11) 20. O-O Qa5 (20... b4 $5 21. e4 Bd7 22. Nxd7 Qxd7 $11) 21. Rc1 Be6 (21... Ne4 $5 22. Nd5 Be6 $11) 22. Qf3 Kg7 23. d5 Bd7 24. g4 ({White should try} 24. a4 $16) 24... Qc7 $11 25. Nxd7 Qxd7 26. g5 Ne8 27. Rb1 a6 28. a4 Rb8 29. axb5 axb5 30. Qg3 Rb7 (30... Nd6 $1 $15) 31. Rb4 f6 32. Rfb1 Nd6 33. gxf6+ Rxf6 34. Ne2 $2 (34. e4 $11 {and White stays safe.} Rf8 35. f4) 34... Ne4 $1 $19 35. Qe5 (35. Qg2 Nd2 36. Nd4 Nxb1 37. Rxb1) 35... Qg4+ {[%emt 0:04:26] Black is clearly winning.} 36. Ng3 Nd2 {[%emt 0:04:09] Threatens to win with ...Nf3+.} 37. Qe8 Nxb1 38. Rxb1 c3 {[%emt 0:01:19] ...c2 is the strong threat.} 39. Rxb5 Rxb5 40. Qxb5 {[%emt 0:00:00] Weighted Error Value: White=0.71/Black=0.24 (precise)} 0-1

[Event "Germany Countries-chT Youth 2022"]
[Site "Wiesbaden"]
[Date "2022.10.02"]
[Round "4"]
[White "Waffenschmidt, Lars"]
[Black "Jeschke, Jan"]
[Result "1-0"]
[ECO "B90"]
[WhiteElo "2302"]
[BlackElo "2146"]
[Annotator "TA"]
[PlyCount "89"]
[EventDate "2022.09.28"]
[EventType "team-tourn"]
[EventRounds "7"]
[EventCountry "GER"]
[SourceTitle "playchess.com"]
[Source "ChessBase"]
[SourceQuality "1"]
[TimeControl "40/5400+30:1800+30"]

1. e4 c5 2. Nf3 d6 3. d4 cxd4 4. Nxd4 Nf6 5. Nc3 a6 6. h3 e6 7. g4 Nfd7 {[%emt 0:00:06] B81: Sicilian Scheveningen: Keres Attack.} 8. g5 b5 9. a3 Bb7 {[%emt 0:00:23] White is slightly better.} 10. h4 Nb6 11. h5 N8d7 12. Rh3 {[%emt 0:04:23][%cal Og5g6] [#]} Qe7 $146 ({Predecessor:} 12... Nc5 13. g6 hxg6 14. hxg6 Rxh3 15. gxf7+ Kxf7 16. Bxh3 e5 17. Qh5+ g6 18. Qh7+ Bg7 {1-0 (70) Volokitin,A (2628)-Kuzubov,Y (2640) Lvov 2015}) 13. g6 O-O-O (13... hxg6 $14 14. hxg6 Rxh3 15. Bxh3 Nc5) 14. gxf7 Qxf7 15. Be3 e5 $2 (15... Nc4 $16) 16. Rf3 $18 Qe8 {[%emt 0:10:41] [#]} 17. Ndxb5 axb5 $16 18. Bxb6 (18. Nxb5 $14 d5 19. exd5 Bxd5 20. c4 Bxf3 21. Qxf3) 18... Nxb6 $11 19. Nxb5 Kb8 (19... Bxe4 20. Rc3+ Kb8 21. Qe2 $11) (19... d5 $15 20. Qd2 Nc4 21. Bxc4 dxc4) 20. Qd2 $1 $16 {[%emt 0:00:31][%mdl 1024] And now Qa5 would win. White has strong compensation.} Nc8 ({Not} 20... Bxe4 21. Qa5 $1 Rd7 22. Rxf8 (22. Qxb6+ Rb7 $17) 22... Qxf8 23. Qxb6+ Rb7 24. Qxd6+ Qxd6 25. Nxd6 $16) 21. Qa5 Rd7 {[%emt 0:01:17] Prevents Nc7.} 22. Bh3 Qd8 (22... Bxe4 $2 23. Rc3 Qd8 24. Qb4 $18) 23. Qa4 {[%emt 0:00:12] 0-0-0 is the strong threat. White is much more active.} d5 24. Bxd7 Qxd7 25. O-O-O $1 {[%emt 0:01:20] Black must now prevent Rc3.} d4 {[%emt 0:00:09] Prevents Rc3.} 26. Rb3 (26. Qb3 $16) 26... Bc5 $11 27. Qc4 Bb6 (27... Qe7 $11) 28. f4 ({Better is} 28. f3 $14) 28... exf4 29. Nxd4 Rd8 $2 {[%emt 0:00:15][%mdl 8192] [#] White stays focused until the end.} (29... Re8 $11 {and Black has nothing to worry.}) 30. Rxb6 $1 $18 {[%emt 0:02:00][%mdl 512] Chess con chili.} Nxb6 {[%emt 0:00:28] [#]} 31. Nc6+ $1 Bxc6 32. Rxd7 Bxd7 (32... Nxc4 {keeps fighting.} 33. Rxd8+ Kc7) 33. Qd4 Kb7 34. Qxg7 f3 35. Qf6 Re8 36. Qxf3 Bc6 (36... Be6 $142 37. Qc3 Rc8) 37. Qf7+ {[%emt 0:00:06] White is clearly winning.} Ka6 38. b3 Rxe4 39. Qxh7 Rh4 40. h6 Be4 41. Qe7 Rh1+ 42. Kb2 Bxc2 43. Qe2+ Ka7 44. Qg2 Be4 {[%emt 0:01:07] [#]} 45. Qxh1 $3 {[%mdl 512] Weighted Error Value: White=0.16 (very precise) /Black=0.41} 1-0

[Event "Germany Countries-chT Youth 2022"]
[Site "Wiesbaden"]
[Date "2022.10.02"]
[Round "4"]
[White "Pubantz, Jan"]
[Black "Nied, Pascal"]
[Result "1/2-1/2"]
[ECO "D35"]
[WhiteElo "2273"]
[BlackElo "2131"]
[Annotator "TA"]
[PlyCount "78"]
[EventDate "2022.09.28"]
[EventType "team-tourn"]
[EventRounds "7"]
[EventCountry "GER"]
[SourceTitle "playchess.com"]
[Source "ChessBase"]
[SourceQuality "1"]
[TimeControl "40/5400+30:1800+30"]

1. d4 d5 2. c4 e6 3. Nc3 Nf6 4. cxd5 exd5 5. Bg5 c6 6. e3 Bd6 {[%emt 0:00:09] 6...Bd6 is the modern continuation.} 7. Bd3 O-O 8. Nge2 {[%emt 0:02:52] D35: Queen's Gambit Declined: Exchange Variation.} h6 9. Bf4 Re8 10. Bxd6 {[%emt 0:05:07] White has an edge.} Qxd6 {[%emt 0:00:08] [#]} 11. Ng3 $146 ({Predecessor:} 11. O-O Nbd7 12. Ng3 Nf8 13. Qc2 g6 14. Rae1 h5 15. f3 h4 16. Nh1 Bd7 17. Qf2 {0-1 (45) Rasulov,V (2448)-Salinas Herrera,P (2517) Chess.com INT 2022}) 11... b6 12. O-O a5 13. Re1 Ba6 (13... Na6 $11) 14. e4 $16 (14. Nf5 $6 Qe6 $11) 14... dxe4 15. Ncxe4 ({Much worse is} 15. Ngxe4 Nxe4 16. Nxe4 (16. Rxe4 Rxe4 17. Bxe4 Nd7 $11) 16... Qd8 $11) 15... Nxe4 16. Rxe4 Rxe4 17. Bxe4 Ra7 18. Qf3 (18. Qb3 $16) 18... Rd7 19. Nf5 Qf6 20. Qg3 Rd8 21. Qc7 {[%emt 0:05:12] [#] Threatens to win with Ne7+. White has more active pieces.} Re8 {[%emt 0:00:34] Inhibits Ne7+.} 22. Nd6 (22. Bc2 $5 ) 22... Rd8 23. Nf5 {[%emt 0:02:43] Hoping for Ne7+.} Re8 {[%emt 0:00:02] Prevents Ne7+.} 24. f3 (24. Bc2 $142) 24... g6 $11 25. Nxh6+ Kg7 26. Ng4 Qxd4+ 27. Kh1 Qxb2 (27... Bc4 $5 ) 28. Rg1 {[%emt 0:00:32] The position is equal.} Qd4 {[%emt 0:05:04] aiming for ...Bc4.} 29. h3 Bb5 30. Qf4 Rh8 {[%emt 0:01:42] Inhibits Qh6+.} 31. Ne5 Rf8 ({Don't do} 31... Bc4 32. Nxc4 Qxc4 33. Qe5+ Kh7 34. Rd1 $14) 32. Nxf7 $40 {[%mdl 128] [#] And now Qh6+ would win. White is up to no good.} Nd7 33. Qd6 $1 {[%emt 0:04:46] Really sharp!} ({Of course not} 33. Qg4 Rxf7 34. Qxg6+ Kf8 35. Qh6+ Qg7 36. Qd6+ Re7 37. Bxc6 Bxc6 38. Qxc6 Qg3 39. Qh6+ Kg8 $17) 33... Qxd6 34. Nxd6 Nf6 35. Rb1 Nxe4 36. Nxe4 Rb8 37. Rd1 Rf8 38. Rb1 Rb8 39. Rd1 Rf8 {Weighted Error Value: White=0.13 (very precise) /Black=0.08 (flawless)} 1/2-1/2

[Event "Germany Countries-chT Youth 2022"]
[Site "Wiesbaden"]
[Date "2022.10.02"]
[Round "4"]
[White "Hagner, Bennet"]
[Black "Mader, Fabian"]
[Result "1-0"]
[ECO "B33"]
[WhiteElo "2253"]
[BlackElo "1735"]
[Annotator "TA"]
[PlyCount "69"]
[EventDate "2022.09.28"]
[EventType "team-tourn"]
[EventRounds "7"]
[EventCountry "GER"]
[SourceTitle "playchess.com"]
[Source "ChessBase"]
[SourceQuality "1"]
[TimeControl "40/5400+30:1800+30"]

1. e4 c5 2. Nf3 Nc6 3. d4 cxd4 4. Nxd4 Nf6 5. Nc3 e5 6. Ndb5 d6 7. Bg5 a6 8. Na3 b5 9. Nd5 Be7 10. Bxf6 Bxf6 11. c3 Rb8 12. Nc2 Bg5 13. a4 bxa4 {[%emt 0:00:23] B33: Sicilian: Pelikan and Sveshnikov Variations.} 14. Ncb4 Nxb4 15. cxb4 O-O {[%emt 0:00:36] The position is equal.} 16. Rxa4 a5 17. h4 (17. Rxa5 $2 Rxb4 $3 18. Ra4 Rxb2 $19) (17. bxa5 Rxb2 18. Qa1 Rc2 $17) 17... Bh6 18. b5 (18. Rxa5 $2 Rxb4 $3 19. Ra8 Rxe4+ 20. Be2 Rd4 $17) ({Of course not} 18. bxa5 Rxb2 19. Qa1 Rc2 $17) 18... Bd7 19. Nc3 d5 20. exd5 e4 21. Rxe4 (21. Nxe4 Rc8 22. Nc3 Re8+ 23. Be2 {[#]} Bxb5 $1 24. Nxb5 Rc1 $17) 21... f5 22. Rd4 {[%emt 0:01:01] d6 is the strong threat.} ({Much weaker is} 22. Re5 Bf4 23. Re6 Bxe6 24. dxe6 Qxd1+ 25. Nxd1 g6 $15) 22... Re8+ 23. Be2 {[%emt 0:00:06] And now 0-0 would win.} Rxb5 {[%emt 0:01:39] [#]} 24. O-O $146 ({Predecessor:} 24. Nxb5 Bxb5 25. Rd3 Bxd3 26. Qxd3 Bf4 27. g3 Bd6 28. Kf1 f4 29. g4 Qf6 30. b3 {½-½ (55) Sorcinelli,A (2276)-Enev,Z (2315) LSS email 2020}) 24... Rxb2 25. Bc4 Kh8 26. d6 f4 (26... Qf6 $14) 27. Na4 $18 Bxa4 (27... Rb8 {was necessary.}) 28. Qxa4 {[%emt 0:00:02] aiming for d7.} Rb4 {[%emt 0:07:12] [#]} 29. Qxe8+ Qxe8 30. d7 {[%emt 0:00:02][%cal Rd7e8] White is clearly winning.} Qd8 31. Re1 {[%emt 0:00:05] Re8+ would kill now.} Rb8 {[%emt 0:01:44] [#]} 32. Bb5 $1 g6 (32... Kg8 33. Re8+) 33. Re8+ {[%emt 0:00:33][%mdl 64] Skewer, Double Attack} Kg7 34. Rxd8 Rxd8 35. Re4 {[%emt 0:00:04] Weighted Error Value: White=0.03 (flawless) /Black=0.41} 1-0

[Event "Germany Countries-chT Youth 2022"]
[Site "Wiesbaden"]
[Date "2022.10.02"]
[Round "4"]
[White "Holinka, Henning"]
[Black "Grossmann, Piet"]
[Result "0-1"]
[ECO "C12"]
[WhiteElo "2245"]
[BlackElo "1945"]
[Annotator "TA"]
[PlyCount "142"]
[EventDate "2022.09.28"]
[EventType "team-tourn"]
[EventRounds "7"]
[EventCountry "GER"]
[SourceTitle "playchess.com"]
[Source "ChessBase"]
[SourceQuality "1"]
[TimeControl "40/5400+30:1800+30"]

1. e4 e6 2. d4 d5 3. Nc3 Nf6 4. Bg5 Bb4 5. e5 h6 6. exf6 hxg5 7. fxg7 Rg8 8. h4 gxh4 9. Qh5 Qf6 10. Qxh4 {[%emt 0:00:54] The main line 10.Qxh4 scores better than 10.Rxh4. C12: French: Classical System: McCutcheon Variation.} Qxh4 11. Rxh4 Rxg7 12. Rh8+ {[%emt 0:00:51] The position is equal.} Kd7 13. O-O-O Nc6 14. g3 {[%emt 0:00:39][%cal Oc3d5] Black must now prevent Nxd5!} b6 {[%emt 0:00:55] [#]} (14... Bxc3 $11 {remains equal.} 15. bxc3 b6) 15. Nxd5 $1 $16 {[%emt 0:01:53][%mdl 512] [#]} exd5 $146 (15... Bb7 16. Nf6+) ({Predecessor:} 15... Bb7 16. Rxa8 Bxa8 17. Nxb4 Nxb4 18. d5 exd5 19. a3 Nc6 20. Rxd5+ Ke7 21. Bh3 f6 {1-0 (45) Laursen,B (2159)-Larsen,H (2198) Denmark 1998}) 16. Bh3+ {[%emt 0:00:07][%mdl 64] Skewer, Deflection} Ke7 (16... Kd6 $16) 17. Bxc8 $18 {[%emt 0:09:24] aiming for c3.} Rb8 18. Nf3 Kf6 19. Rh6+ Rg6 20. Rxg6+ Kxg6 21. Bd7 Ne7 22. Ne5+ Kg7 23. Rh1 Rd8 24. Bb5 f6 25. Ng4 Ng6 (25... Bd6 $16 {was necessary.} 26. a3 c6) 26. Bd3 Rh8 27. Rxh8 Nxh8 {[%emt 0:00:04][%mdl 4096] Endgame KBN-KBN} 28. c3 Bf8 29. Ba6 ({White should play} 29. Ne3 $18) 29... Ng6 $16 30. b4 Kf7 31. Bb7 Ne7 32. b5 Ke6 (32... Kg6 $16 33. Ne3 Bh6) 33. Ne3 Bh6 34. f4 f5 35. Kd2 Bg7 36. Ke2 Bf6 37. Bc8+ $2 Nxc8 $19 38. g4 fxg4 39. f5+ Kd6 {[%emt 0:00:33] ...g3 is the strong threat.} 40. Nxg4 Bg5 41. Ne5 Ke7 {[%emt 0:32:04] Prevents Nf7.} 42. Kf3 Bd2 43. c4 dxc4 44. Nxc4 Bc3 45. Ne5 Nd6 46. Nc6+ Kf6 47. Nxa7 (47. a4 $142) 47... Bxd4 48. Nc6 Bc3 49. a4 Kxf5 50. Ke3 Nc4+ 51. Kd3 Ne5+ {[%emt 0:00:00] Black mates.} 52. Kxc3 Nxc6 53. bxc6 {[%emt 0:00:00] KPP-KPP} Ke5 54. Kc4 Kd6 55. Kb5 Kd5 56. Kb4 Kxc6 {[%emt 0:00:00] KPP-KP} 57. Kc4 Kd6 58. Kb4 c6 59. Kc4 Ke5 60. Kc3 Kd5 61. Kd3 c5 62. Kc3 {[%emt 0:01:19] [#]} c4 $1 63. Kb4 Kd4 64. Kb5 c3 65. Kxb6 {[%emt 0:00:09] KP-KP} c2 66. a5 c1=Q 67. Kb7 Qb2+ 68. Ka7 Kc5 69. a6 Kc6 70. Ka8 Kc7 71. a7 Qb7# {Weighted Error Value: White=0.35/Black=0.12 (very precise)} 0-1

[Event "Germany Countries-chT Youth 2022"]
[Site "Wiesbaden"]
[Date "2022.10.02"]
[Round "4"]
[White "Burian, Simon"]
[Black "Bornholdt, Joa Max"]
[Result "1/2-1/2"]
[ECO "B76"]
[WhiteElo "2196"]
[BlackElo "2196"]
[Annotator "TA"]
[PlyCount "45"]
[EventDate "2022.09.28"]
[EventType "team-tourn"]
[EventRounds "7"]
[EventCountry "GER"]
[SourceTitle "playchess.com"]
[Source "ChessBase"]
[SourceQuality "1"]
[TimeControl "40/5400+30:1800+30"]

1. e4 c5 2. Nf3 d6 3. d4 cxd4 4. Nxd4 Nf6 5. Nc3 g6 6. f3 Bg7 7. Be3 O-O 8. Qd2 Nc6 9. g4 Nxd4 10. Bxd4 Be6 11. O-O-O Qa5 12. a3 Rab8 13. h4 b5 14. Nd5 Qxd2+ 15. Rxd2 Bxd5 16. exd5 {[%emt 0:00:44] The position is equal.} Nd7 {[%emt 0:01:07] B76: Sicilian Dragon: Yugoslav Attack, 9 g4 and 9 0-0-0.} 17. Bxa7 Ra8 18. Bd4 b4 19. Bxg7 Kxg7 20. Rd3 Ne5 {[%emt 0:01:30] [#]} 21. Rb3 $146 ({Predecessor:} 21. Re3 bxa3 22. Rxa3 Rxa3 23. bxa3 Nxf3 24. Rh3 Ne5 25. g5 Rc8 26. Rb3 Rc7 27. a4 {½-½ (52) Ostermann,M-Zimmermann,M GER corr 1991}) 21... bxa3 22. bxa3 Ra5 23. Be2 {[%emt 0:02:32] A rather calm draw.  Weighted Error Value: White=0.00 (flawless) /Black=0.00 (flawless)} 1/2-1/2

[Event "Germany Countries-chT Youth 2022"]
[Site "Wiesbaden"]
[Date "2022.10.02"]
[Round "4"]
[White "Popist, Florian"]
[Black "Tovmasyan, Minas"]
[Result "1-0"]
[ECO "B23"]
[WhiteElo "2187"]
[BlackElo "1838"]
[Annotator "TA"]
[PlyCount "63"]
[EventDate "2022.09.28"]
[EventType "team-tourn"]
[EventRounds "7"]
[EventCountry "GER"]
[SourceTitle "playchess.com"]
[Source "ChessBase"]
[SourceQuality "1"]
[TimeControl "40/5400+30:1800+30"]

1. e4 {[%emt 0:00:02] Meier,Georg} c5 2. Nc3 e6 3. f4 d5 4. Nf3 Nf6 5. e5 Nfd7 6. d4 Nc6 7. Ne2 Be7 {[%emt 0:03:06] is now debated instead of 7...Qb6. C05: French Tarrasch: 3...Nf6 4 e5 Nfd7, 5 f4 and 5 Bd3 sidelines.} 8. g3 {[%emt 0:00:21] [#]} h5 $146 ({Predecessor:} 8... O-O 9. Bg2 b5 10. Be3 Qa5+ 11. Kf2 f6 12. c3 b4 13. Re1 bxc3 14. bxc3 Ba6 15. Bh3 {0-1 (52) Movsesian,S (2710)-Meier,G (2659) Porto Carras 2011 CBM 146 [Meier,Georg]}) 9. Bh3 a6 {[%emt 0:05:17] The position is equal.} 10. O-O b5 11. c3 Nb6 12. Kg2 Bd7 13. Qd3 g6 {[%emt 0:02:49] Prevents f5.} 14. dxc5 Bxc5 15. Be3 (15. Rd1 $14) 15... Be7 (15... Bxe3 $11 16. Qxe3 Nc4) 16. Ned4 {[%emt 0:04:25] White is much more active. The black rooks are badly placed.} (16. b3 $14) 16... Na4 {[%emt 0:05:52] [#]} (16... Nc4 $11) 17. Rf2 (17. Bxe6 $1 $16 Bxe6 18. Nxc6) 17... Qc7 $2 {[%emt 0:06:53] [#]} (17... Nc5 $11 {and Black has nothing to worry.} 18. Qe2 Nxd4 19. Nxd4 Qc7) 18. Nxc6 ({Don't play} 18. Bxe6 Bxe6 19. Nxe6 fxe6 $16) ({White should play} 18. Nxe6 $1 $18 Bxe6 19. Bxe6 fxe6 20. Qxg6+ Kd8 21. Qxe6) 18... Bxc6 {[%emt 0:02:40] [#]} (18... Qxc6 $11 19. Nd4 Nc5) 19. Bd4 (19. Bxe6 $1 $16 fxe6 20. Qxg6+ Kd7 21. f5) 19... Bd7 20. Kg1 O-O (20... Nc5 $11 {keeps the balance.} 21. Qe3 Rc8) 21. Qe3 $1 $16 {[%emt 0:05:46][%cal Of4f5] Black must now prevent f5!} Nc5 22. Nd2 $1 {[%emt 0:04:20] Prevents Ne4.} Rfc8 $2 (22... Rad8 $16 {was necessary.}) 23. b4 $1 $18 Na4 $2 {[%emt 0:01:12] [#]} (23... a5 24. bxc5 (24. Bxc5 Bxc5 25. bxc5 Qxc5 $18) 24... Bxc5) 24. f5 $1 {[%emt 0:00:47] And now fxg6 would win.} gxf5 {[%emt 0:16:54] [#]} 25. Raf1 (25. Bxf5 $142 $1 {[%cal Oe3h6][%mdl 512] White wants to mate with Qh6!} exf5 26. e6) 25... Nxc3 $2 (25... Qd8 {might work better.}) 26. Qh6 {[%emt 0:04:44][%cal Rh3f5] Threatening mate with Bxf5!} Qd8 $2 {[%emt 0:01:02] [#]} (26... Bf8 $18 27. Qxh5 Be8) 27. Bxf5 $1 {[%emt 0:00:58][%mdl 576] Promotion} exf5 28. e6 $1 f6 29. Qg6+ {[%emt 0:00:23] White mates.} Kh8 30. Rxf5 Ne2+ 31. Kh1 Nxd4 32. Rxh5# {Weighted Error Value: White=0.33/Black=1.09} 1-0

[Event "Germany Countries-chT Youth 2022"]
[Site "Wiesbaden"]
[Date "2022.10.02"]
[Round "4"]
[White "Sidletskyi, Ivan"]
[Black "Laux, Dominik"]
[Result "1/2-1/2"]
[ECO "B56"]
[WhiteElo "2184"]
[BlackElo "2248"]
[Annotator "TA"]
[PlyCount "93"]
[EventDate "2022.09.28"]
[EventType "team-tourn"]
[EventRounds "7"]
[EventCountry "GER"]
[SourceTitle "playchess.com"]
[Source "ChessBase"]
[SourceQuality "1"]
[TimeControl "40/5400+30:1800+30"]

1. e4 c5 2. Nf3 Nc6 3. Nc3 d6 4. d4 cxd4 5. Nxd4 Nf6 6. g3 e5 7. Nde2 Be7 8. Bg2 {[%emt 0:00:17] B56: Classical Sicilian: Unusual Lines.} a6 9. a4 Nb4 10. O-O {[%emt 0:08:42] The position is equal.} O-O 11. b3 Be6 12. Ba3 a5 {[%emt 0:01:50] [#]} 13. Bb2 $146 ({Predecessor:} 13. Qd2 Rc8 14. Rac1 h6 15. h3 Qb6 16. Nb5 d5 17. Bxb4 Bxb4 18. c3 Bc5 19. exd5 {½-½ (44) Bacrot,E (2669)-Spoelman,W (2588) Germany 2020}) 13... Rc8 14. Rc1 $1 Qb6 15. Qd2 (15. Nb5 $11 {feels stronger.}) 15... Rfd8 $1 $15 16. Nb5 h6 (16... d5 $15 17. Bxe5 dxe4) 17. c4 $14 Ng4 18. Rc3 Bg5 19. Qe1 {[%emt 0:00:57] aiming for h3.} h5 20. h3 Nf6 21. Kh2 Ne8 22. f4 $1 exf4 (22... Bf6 $16 {is a better defense.}) 23. Nxf4 $18 Bf6 24. Nxh5 (24. Qe2 $18 {has better winning chances.}) 24... Be5 $16 25. Nf4 ({Better is} 25. Qd2) 25... Nc7 (25... Bd7 $16 {was worth a try.}) 26. Qd2 Nxb5 27. axb5 Qd4 {[%emt 0:04:34] [#]} 28. Rc2 Qb6 (28... Nxc2 29. Bxd4) 29. Rcc1 Bxb2 30. Qxb2 {[%emt 0:00:05] And now Nh5 would win.} Qc5 {[%emt 0:00:43] Against Nh5} 31. Rfd1 Rc7 32. Bf1 Rcd7 33. Qd4 b6 34. Nd5 (34. h4 $18) 34... Qxd4 35. Rxd4 Bxd5 36. cxd5 ({Don't do} 36. exd5 Re8 $14) 36... Re7 37. h4 g6 38. g4 Kg7 39. g5 ({White should try} 39. Rc3) 39... Rde8 40. Rcc4 Kf8 (40... f6 $142) 41. Kg3 Kg7 42. Bh3 Kh7 43. Bg4 Kg7 44. Kf3 (44. h5 $18) 44... Rh8 45. Kg3 Rhe8 46. Kf3 Rh8 {[%emt 0:00:43] [#]} 47. Kg3 {[%emt 0:00:17] Weighted Error Value: White=0.26 (precise) /Black=0.22 (precise)} ({Only move:} 47. Rc6 $1 $16 ) 1/2-1/2